 Dungeon Crawl Stone Soup version 0.31-a0-986-g5e6e4ef867 (webtiles) character file.

Game seed: 4247102216310626475

461 pokeman the Magician (level 6, -2/35 HPs)
             Began as a Deep Elf Hedge Wizard on Nov 11, 2023.
             Slain by a sleepcap (7 damage)
             ... on level 5 of the Dungeon.
             The game lasted 00:10:18 (4396 turns).

pokeman the Magician (Deep Elf Hedge Wizard)        Turns: 4396, Time: 00:10:18

Health: -2/35      AC:  5    Str:  7    XL:     6   Next: 79%
Magic:  10/18      EV: 13    Int: 21    God:
Gold:   240        SH:  0    Dex: 14    Spells: 12/20 levels left

rFire   . . .        u - +2 whip (venom)
rCold   . . .        (no shield)
rNeg    . . .        b - +0 robe
rPois   .            r - +1 helmet
rElec   .            (no cloak)
rCorr   .            o - +0 pair of gloves
SInv    .            (no boots)
Will    .....        (no amulet)
Stlth   ++           (no ring)
HPRegen 0.25/turn    (no ring)
MPRegen 0.16/turn

%: no passive effects
@: on blink cooldown
A: no striking features
a: no special abilities


You were on level 5 of the Dungeon.
You visited 1 branch of the dungeon, and saw 5 of its levels.

You collected 240 gold pieces.

Inventory:

Hand Weapons
 u - a +2 whip of venom (weapon)
Armour
 b - a +0 robe (worn)
 o - a +0 pair of gloves (worn)
 r - a +1 helmet (worn)
Scrolls
 a - 2 scrolls of amnesia {unknown}
 e - a scroll of revelation {unknown}
 f - 5 scrolls of identify {unknown}
 g - a scroll of enchant armour {unknown}
 h - a scroll of brand weapon {unknown}
 i - 2 scrolls of enchant weapon {unknown}
 j - a scroll of torment {unknown}
 k - a scroll of poison {unknown}
 n - 3 scrolls of fear {unknown}
 p - 2 scrolls of summoning {unknown}
 t - a scroll of teleportation {unknown}
Potions
 c - 2 potions of mutation {unknown}
 d - a potion of magic
 l - a potion of ambrosia {unknown}
 m - a potion of attraction {unknown}
 q - 2 potions of lignification {unknown}
 s - 2 potions of heal wounds {unknown}


   Skills:
 + Level 1.9 Fighting
 - Level 1.0 Armour
 - Level 3.0 Dodging
 - Level 3.0 Stealth
 * Level 7.5 Spellcasting
 + Level 3.6 Conjurations
 - Level 1.1 Summonings
 - Level 1.1 Translocations
 - Level 1.1 Air Magic
 - Level 1.1 Poison Magic


You had 12 spell levels left.
You knew the following spells:

 Your Spells              Type           Power      Damage    Failure   Level
a - Magic Dart            Conj           92%        1d7       1%          1
b - Mephitic Cloud        Conj/Pois/Air  16%        N/A       11%         3
c - Call Imp              Summ           24%        N/A       9%          2
d - Blink                 Tloc           24%        N/A       9%          2

Your spell library contained the following spells:

 Spells                   Type           Power      Damage    Failure   Level
 Slow                     Hex            28%        N/A       9%          1
 Cigotuvi's Dreadful Rot  Necr/Pois/Air  22%        N/A       10%         2


Dungeon Overview and Level Annotations

Branches:
Dungeon (5/15)
 Temple: D:4-7

Altars:
Hepliaklqana
Uskayaw

Shops:
D:2 :


Message History

The sleepcap is moderately damaged.
The sleepcap releases spores at you.
* * * LOW HITPOINT WARNING * * *
You are engulfed in a cloud of soporific spores!
You fall asleep.
Your cerulean imp hits the sleepcap with a -3 spear.
The sleepcap releases spores at you.
You wake up.
* * * LOW HITPOINT WARNING * * *
You are engulfed in a cloud of soporific spores!
You are unaffected.
Your cerulean imp hits the sleepcap with a -3 spear.
Casting: Call Imp (safe; 9% risk of failure)
Confirm with . or Enter, or press ? or * to list all spells.
You blink.
The sleepcap barely misses your cerulean imp.
Your cerulean imp hits the sleepcap with a -3 spear.
Casting: Blink (safe; 9% risk of failure)
Confirm with . or Enter, or press ? or * to list all spells.
Aiming: Magic Dart (safe; 1% risk of failure)
Press: ? - help, Shift-Dir - straight line, f/p - sleepcap
Aim: a sleepcap (severely damaged, not watching you, ally target, 100% to hit)
The magic dart hits the sleepcap.
The sleepcap is severely damaged.
Your cerulean imp hits the sleepcap with a -3 spear.
Unknown command.
Casting: Magic Dart (safe; 1% risk of failure)
Confirm with . or Enter, or press ? or * to list all spells.
Aiming: Magic Dart (safe; 1% risk of failure)
Press: ? - help, Shift-Dir - straight line, f/p - sleepcap
Aim: a sleepcap (severely damaged, not watching you, ally target, 100% to hit)
The magic dart hits the sleepcap.
The sleepcap is severely damaged.
The sleepcap releases spores at you.
* * * LOW HITPOINT WARNING * * *
Your cerulean imp hits the sleepcap but does no damage.
Unknown command.
You hit the sleepcap.
The sleepcap is almost destroyed.
The sleepcap releases spores at you!
You die...

#....?......#
#...........# #.# ##
#...........# #.# #.
#.###### ###. #......#
####... #......# #......
####......### #(##...
#...........# #.##... .
#...@.....#.# #.##...
....#...f†....#.# #.###..
.........5...##.###.#...#
###.#..:.######.....#.#.#
# #....# #######.#.#
#....# ##########.#.#
#....# #.............
#.$..# #...........<#
#....# #............#


You could see a sleepcap (ally target) and a friendly cerulean imp (summoned).

Vanquished Creatures
  A scorpion (D:5)
  2 jellies
  2 sleepcaps (D:4)
  Natasha (thrice) (D:3)
  A gnoll (D:1)
  6 adders
  4 worms
  4 dart slugs
  7 orcs (D:4)
  10 ball pythons
  6 bats
  9 endoplasms
  5 giant cockroaches
  8 goblins
  6 hobgoblins
  8 jackals
  9 kobolds
  4 quokkas
  5 frilled lizards
  3 rats
103 creatures vanquished.

Vanquished Creatures (collateral kills)
  A sleepcap (D:4)
1 creature vanquished.

Grand Total: 104 creatures vanquished

Notes
Turn   | Place    | Note
-------+----------+-------------------------------------------
     0 | D:1      | pokeman the Deep Elf Hedge Wizard began the quest for the
                  | Orb.
     0 | D:1      | Reached XP level 1. HP: 10/10 MP: 7/7
   160 | D:1      | Reached XP level 2. HP: 15/15 MP: 7/9
   479 | D:1      | Reached skill level 5 in Spellcasting
   479 | D:1      | Reached XP level 3. HP: 14/20 MP: 6/11
   483 | D:1      | Learned a level 3 spell: Mephitic Cloud
   486 | D:1      | Learned a level 2 spell: Call Imp
   489 | D:1      | Learned a level 2 spell: Blink
   977 | D:1      | Reached skill level 1 in Armour
  1150 | D:2      | Reached skill level 1 in Fighting
  1512 | D:2      | Reached XP level 4. HP: 25/25 MP: 10/13
  1535 | D:2      | Found Nics's Book Emporium.
  2533 | D:3      | Noticed Natasha
  2540 | D:3      | Killed Natasha
  2541 | D:3      | Reached skill level 6 in Spellcasting
  2541 | D:3      | Reached XP level 5. HP: 19/29 MP: 11/15
  2548 | D:3      | Noticed Natasha
  2554 | D:3      | Killed Natasha
  2945 | D:3      | Noticed Natasha
  2956 | D:3      | Killed Natasha
  2957 | D:3      | Reached skill level 1 in Poison Magic
  3137 | D:4      | Found a hide-covered altar of Uskayaw.
  3137 | D:4      | Found a hazy altar of Hepliaklqana.
  3567 | D:4      | Reached skill level 1 in Air Magic
  3574 | D:4      | Reached XP level 6. HP: 28/34 MP: 17/17
  3662 | D:4      | Reached skill level 7 in Spellcasting
  4157 | D:5      | Entered Level 5 of the Dungeon
  4208 | D:5      | Noticed a water moccasin
  4396 | D:5      | Slain by a sleepcap

Illustrated notes

Levels and vault maps discovered:
D:1:      lightli_arrival_maybe_door_vault, layout_rooms, minmay_misc_feat_tiny,
          minmay_tetromino_l4
D:2:      layout_basic, serial_shops, shop
D:3:      layout_rooms, st_stairs_11, uniq_natasha
D:4:      minmay_recursive_quarters, layout_gridville, jmf_multi_god_temple,
          hellmonk_no_cap
D:5:      layout_basic, nicolae_ru_path_of_blood,
          dilly_guarded_unrand_devastator, uniq_pikel

Skill      XL: |  1  2  3  4  5  6 |
---------------+-------------------+-----
Spellcasting   | 5 6 7 |  7.5
Armour         | 1 |  1.0
Fighting       | 1 |  1.9
Conjurations   | 2 3 |  3.6
Stealth        | 3 |  3.0
Dodging        | 3 |  3.0
Poison Magic   | 1 |  1.1
Air Magic      | 1 |  1.1
Summonings     | |  1.1
Translocations | |  1.1

Action                     |  1- 3 |  4- 6 || total
---------------------------+-------+-------++-------
  Melee: Dagger            |    12 |    67 ||    79
         Whip              |       |    12 ||    12
   Cast: Magic Dart        |    88 |   136 ||   224
         Mephitic Cloud    |       |     5 ||     5
         Call Imp          |       |     2 ||     2
         Blink             |       |     1 ||     1
   Stab: Confused          |       |     2 ||     2
         Distracted        |       |     1 ||     1
 Armour: Robe              |     7 |    50 ||    57
  Dodge: Dodged            |    10 |    63 ||    73

Table legend: (Time is in decaauts)
 A = Elapsed time spent in this place.
 B = Non-inter-level travel time spent in this place.
 C = Inter-level travel time spent in this place.
 D = Time resting spent in this place.
 E = Time spent auto-exploring this place.
 F = Levels seen in this place.
 G = Mean time per level.
                   A        B        C        D        E       F      G
               +--------+--------+--------+--------+--------+-----+--------+
         Total |   4395 |   4250 |    145 |     91 |   3490 |   5 |  879.0 |
       Dungeon |   4395 |   4250 |    145 |     91 |   3490 |   5 |  879.0 |
               +--------+--------+--------+--------+--------+-----+--------+

Top non-repeatable levels by time:
     D:2: 1177 daAuts
     D:1: 1106 daAuts
     D:4: 1099 daAuts
     D:3: 837 daAuts
     D:5: 173 daAuts
